AoeStats
← bananin.cxs

Golden Pit

509746158Analyzed
1v1 RM · 5d ago on Sep 27, 2026· 29m 6s· 2 players
Game mode
Random Map
Map size
Tiny (2 player)
Population
200
Speed
Normal
Resources
Standard
Victory
Conquest
Starting age
Dark Age
Ending age
Imperial Age
RankedLock teamsTeams togetherTeam positionsShared explorationLock speedFull tech treeHidden civsTurbo modeCheats
Victory
Defeat
🇨🇱 Magyars · Chile
1121
+14
🇫🇷 Vikings · France
1087
-14
bananin.cxs
4:48 Loom
10:17 Feudal Age
10:18 Man-at-Arms
10:47 Double-Bit Axe
21:12 Gold Mining
25:28 Castle Age
23:29 Scale Mail Armor
23:21 Fletching
25:33 Long Swordsman
26:01 Arson
27:13 Chain Mail Armor
27:37 Bow Saw
poildebouc
9:47 Loom
11:38 Feudal Age
17:39 Castle Age
15:51 Horse Collar
Connection lost

Rejoining the realm…

Still unreachable

The connection could not be restored.

Session expired

The server has moved on; the page needs a fresh start.